 Dungeon Crawl Stone Soup version 0.20-a0-1026-gc3ddcbd (webtiles) character file.

853 Fhqwhgads the Ruffian (level 7, -7/60 HPs)
             Began as a Troll Monk on Apr 20, 2017.
             Was a Believer of Cheibriados.
             Mangled by Fhqwhgads's ghost (17 damage)
             ... on level 5 of the Dungeon.
             The game lasted 00:05:29 (2626 turns).

Fhqwhgads the Ruffian (Troll Monk)                  Turns: 2626, Time: 00:05:30

Health: -7/60      AC:  5    Str: 25    XL:     7   Next: 70%
Magic:  15/15      EV: 15    Int: 13    God:    Cheibriados [**....]
Gold:   124        SH: 14    Dex: 22    Spells: 5/6 levels left

rFire    . . .     SeeInvis .     - Unarmed
rCold    . . .     Gourm    +   v - +0 shield
rNeg     . . .     Faith    .   a - +0 robe
rPois    .         Spirit   .   (helmet restricted)
rElec    .         Reflect  .   (no cloak)
rCorr    .         Harm     .   (gloves unavailable)
MR       .....                  (boots unavailable)
Stlth    +++.......             (no amulet)
Regen    0.6/turn               g - ring of magical power
MPRegen  0.2/turn               (no ring)

@: agile, very slightly contaminated, invisible, very slow
A: unfitting armour, claws 3, large bone plates 1, blurry vision 1, fast
metabolism 3, frail 1, gourmand, regeneration 1, shaggy fur 1, tough skin 2,
evolution 1
a: Bend Time, Renounce Religion


You were on level 5 of the Dungeon.
You worshipped Cheibriados.
Cheibriados was pleased with you.
You were completely stuffed.

You visited 2 branches of the dungeon, and saw 7 of its levels.

You collected 214 gold pieces.
You spent 90 gold pieces at shops.

Inventory:

Missiles
 t - 12 javelins (quivered)
Armour
 a - a +0 robe (worn)
 v - a +0 shield (worn)
Jewellery
 g - a ring of magical power (left claw)
 u - an uncursed ring of ice
Wands
 s - a wand of iceblast (10/15)
Scrolls
 d - a scroll of immolation {unknown}
 e - 2 scrolls of remove curse {unknown}
 h - a scroll of teleportation {unknown}
 j - 3 scrolls of enchant armour {unknown}
 k - 3 scrolls of identify {unknown}
 o - a scroll of random uselessness {unknown}
 w - a scroll of enchant weapon {unknown}
Potions
 i - a potion of brilliance {unknown}
 m - a potion of lignification {unknown}
 n - a potion of resistance {unknown}
 q - a potion of cancellation {unknown}
 r - 4 potions of mutation
Books
 x - a book of Changes

   Spells                             Type                      Level
   a - Beastly Appendage              Transmutation                1
   b - Sticks to Snakes               Transmutation                2
   c - Spider Form                    Transmutation/Poison         3
   d - Ice Form                       Ice/Transmutation            4
   e - Blade Hands                    Transmutation                5
Comestibles
 b - 4 bread rations
 f - 4 meat rations
 l - 2 royal jellies
 p - 5 fruits
 C - 4 chunks of flesh


   Skills:
 - Level 3.2 Fighting
 - Level 3.2 Dodging
 - Level 2.1 Stealth
 + Level 3.7 Shields
 + Level 7.2 Unarmed Combat


You had 5 spell levels left.
You knew the following spells:

 Your Spells              Type           Power        Failure   Level  Hunger
a - Beastly Appendage     Tmut           #.....       67%         1    ##.....


Dungeon Overview and Level Annotations

Branches:
Dungeon (6/15)             Temple (1/1) D:4

Altars:
Ashenzari
Cheibriados
Dithmenos
Elyvilon
Gozag
Hepliaklqana
Kikubaaqudgha
Makhleb
Nemelex Xobeh
Okawaru
Qazlal
Sif Muna
Trog
Uskayaw
Wu Jian
Xom
Yredelemnul
Zin
The Shining One

Shops:
D:5 %

Annotations:
D:5 Fhqwhgads's ghost, novice TrMo


Innate Abilities, Weirdness & Mutations

You are too large for most types of armour.
You have claws for hands.
Your metabolism is lightning-fast.
You like to eat raw meat.
Your natural rate of healing is unusually fast.
You are covered in fur. (AC +1)
You have very tough skin. (AC +2)
You are partially covered in large bone plates. (SH +4)
Scrolls take you a little longer to read.
You are frail. (-10% HP)
You evolve.


Message History

The adder zombie closely misses you. Fhqwhgads's ghost closely misses you.
You are very lightly contaminated with residual magic.
It was a potion of agility.
You feel agile all of a sudden. The adder zombie completely misses you.
Fhqwhgads's ghost hits you but does no damage.
It was a potion of mutation.
You feel extremely strange.
You feel frail.
Your vision blurs.
You feel nature experimenting on you.
Don't worry, failures die fast.
Large bone plates grow over parts of your arms.
You block the adder zombie's attack. Fhqwhgads's ghost hits you.
* * * LOW HITPOINT WARNING * * *
Unknown command.
Unknown command.
Unknown command.
Unknown command.
You mangle Fhqwhgads's ghost!!
Fhqwhgads's ghost is moderately damaged.
Fhqwhgads's ghost hits you!
You die...

#. #.........
#............
............
...........
#.#........
#..Z.......
#.#W)......
#.)@............
#######..............
#....................
#....................
#....................
#....................
#....................
#....................
#........###..#.##.##


You could see Fhqwhgads's ghost and an adder zombie.

Vanquished Creatures
  A sky beast (D:5)
  A phantom (D:5)
  An ogre (D:5)
  A centaur (D:5)
  A bullfrog (D:4)
  A scorpion (D:4)
  A hound (D:5)
  A centaur skeleton (D:4)
  2 orc priests (D:5)
  2 orc wizards (D:5)
  3 worker ants (D:4)
  A hound skeleton (D:4)
  A worker ant zombie (D:5)
  8 adders
  2 worms
  2 dart slugs
  5 leopard geckos
  8 orcs
  6 giant cockroaches
  7 goblins
  5 hobgoblins
  6 jackals (D:1)
  A ball python (D:1)
  2 frilled lizards
  6 kobolds
  3 rats
78 creatures vanquished.

Notes
Turn   | Place    | Note
-------+----------+-------------------------------------------
     0 | D:1      | Fhqwhgads the Troll Monk began the quest for the Orb.
     0 | D:1      | Reached XP level 1. HP: 23/23 MP: 0/0
    43 | D:1      | Reached skill level 1 in Unarmed Combat
   214 | D:1      | Reached XP level 2. HP: 27/31 MP: 1/1
   295 | D:1      | Reached skill level 2 in Unarmed Combat
   764 | D:2      | Reached XP level 3. HP: 37/37 MP: 2/2
  1004 | D:2      | Reached skill level 3 in Unarmed Combat
  1103 | D:2      | Found an ornate altar of the Wu Jian Council.
  1103 | D:2      | Found a glowing golden altar of the Shining One.
  1175 | D:2      | Found a deep blue altar of Sif Muna.
  1305 | D:3      | Reached XP level 4. HP: 45/45 MP: 3/3
  1314 | D:3      | Reached skill level 4 in Unarmed Combat
  1784 | D:4      | Noticed a bullfrog
  1799 | D:4      | Killed a bullfrog
  1799 | D:4      | Reached skill level 5 in Unarmed Combat
  1799 | D:4      | Reached XP level 5. HP: 13/53 MP: 4/4
  1977 | D:4      | Learned a level 1 spell: Beastly Appendage
  1990 | D:4      | Reached skill level 1 in Shields
  2026 | D:4      | Reached XP level 6. HP: 53/61 MP: 5/5
  2090 | D:4      | Found a staircase to the Ecumenical Temple.
  2100 | Temple   | Entered the Ecumenical Temple
  2105 | Temple   | Became a worshipper of Cheibriados the Contemplative
  2105 | Temple   | Reached * piety under Cheibriados
  2105 | Temple   | Reached ** piety under Cheibriados
  2128 | D:4      | Found Zin's Purification Station.
  2131 | D:4      | Found a glowing silver altar of Zin.
  2134 | D:4      | Bought a potion of curing for 90 gold pieces
  2276 | D:4      | You fall through a shaft for 2 floors!
  2290 | D:5      | Entered Level 5 of the Dungeon
  2395 | D:5      | Found Wetahan's Food Boutique.
  2397 | D:5      | Reached skill level 6 in Unarmed Combat
  2410 | D:5      | Reached XP level 7. HP: 58/67 MP: 6/6
  2492 | D:5      | Reached skill level 7 in Unarmed Combat
  2610 | D:5      | Noticed Fhqwhgads's ghost (novice TrMo)
  2625 | D:5      | Gained mutation: You are frail. (-10% HP) [potion of mutation]
  2625 | D:5      | Gained mutation: Scrolls take you a little longer to read. [potion of mutation]
  2625 | D:5      | Gained mutation: You evolve. [potion of mutation]
  2625 | D:5      | Gained mutation: You are partially covered in large bone plates. (SH +4) [potion of mutation]
  2626 | D:5      | Mangled by Fhqwhgads's ghost

Vault maps used:
D:1:      dpeg_arrival_leaves_temple_mockup, fountainhead
D:2:      gammafunk_temple_overflow_wave, lemuel_blue_sif_altar
D:3:      cheibrodos_helix_gallery
D:4:      zin_purify, minmay_temple_entry_statues_pillars, first_bread
D:5:      serial_shops, kennysheep_mini_moat, wad_floor_pattern_1
D:6:      serial_shops, kennysheep_little_box, nemelex_xobeh_ov_fountains_minmay
Temple:   minmay_freezing_vapour_temple

Skill      XL: |  1  2  3  4  5  6  7 |
---------------+----------------------+-----
Unarmed Combat | 1 2 3 5 6 7 |  7.2
Shields        | 1 2 3 |  3.7
Fighting       | |  3.2
Dodging        | |  3.2
Stealth        | |  2.1

Action                   |  1- 3 |  4- 6 |  7- 9 || total
-------------------------+-------+-------+-------++-------
Melee: Unarmed           |    99 |   103 |    54 ||   256
  Use: Potion            |       |       |     4 ||     4
       Scroll            |       |       |     1 ||     1
 Stab: Sleeping          |     5 |     2 |       ||     7
  Eat: Chunk             |    17 |     6 |     5 ||    28
Armor: Robe              |    44 |    26 |    15 ||    85
Dodge: Dodged            |    56 |    45 |    16 ||   117
Block: Shield            |       |    25 |    19 ||    44
